[Event "12th Senioren-Cup Tegernsee 2024"]
[Site "Rottach-Egern"]
[Date "2024.04.12"]
[Round "7.4"]
[White "Babar, Michael"]
[Black "Lindam, Ingo"]
[Result "1/2-1/2"]
[ECO "A49"]
[WhiteElo "2099"]
[BlackElo "2160"]
[Annotator "TA"]
[PlyCount "46"]
[EventDate "2024.04.02"]
[EventType "swiss"]
[EventCountry "GER"]
[SourceTitle "playchess.com"]
[Source "ChessBase"]
[SourceQuality "1"]
[TimeControl "7800+30"]

1. Nf3 Nf6 2. d4 g6 3. g3 Bg7 4. Bg2 d6 5. O-O O-O 6. b3 c5 7. e3 e5 8. Bb2 cxd4 9. exd4 e4 10. Nfd2 Bg4 11. f3 exf3 12. Bxf3 Bxf3 13. Qxf3 d5 14. Na3 Nc6 15. c3 Qd7 16. Nc2 Rfe8 17. Rae1 Ng4 18. Rxe8+ Rxe8 19. Re1 Rxe1+ 20. Nxe1 f5 (20... Ne7 $15 {is more appropriate.}) 21. Nd3 $11 {[%emt 0:00:00] The position is equal.} Nf6 22. Qe2 Ne4 23. Nxe4 dxe4 {[%emt 0:08:12] Weighted Error Value: White=0.11 (very precise) /Black=0.10 (very precise) .  Mistake:       	---       	Black=1      Inaccurate:     	White=2     	Black=1      OK:         	White=4     	Black=4      Best:        	---       	Black=1} 1/2-1/2

[Event "12th Senioren-Cup Tegernsee 2024"]
[Site "Rottach-Egern"]
[Date "2024.04.12"]
[Round "7.5"]
[White "Luciani, Carlo"]
[Black "Mertens, Klaus"]
[Result "1/2-1/2"]
[ECO "B07"]
[WhiteElo "2159"]
[BlackElo "2093"]
[Annotator "TA"]
[PlyCount "48"]
[EventDate "2024.04.02"]
[EventType "swiss"]
[EventCountry "GER"]
[SourceTitle "playchess.com"]
[Source "ChessBase"]
[SourceQuality "1"]
[TimeControl "7800+30"]

1. e4 d6 2. d4 Nf6 3. Nc3 c6 4. Nf3 Qa5 5. Bd2 e5 6. dxe5 dxe5 {[%emt 0:00:25] [#]} 7. Nd5 $1 {[%emt 0:00:28] Repels Qc7} Qd8 8. Nxf6+ {[%emt 0:00:30] The position is equal.} Qxf6 9. Bg5 Qd6 10. Qe2 {[%emt 0:13:58] Rd1 would now be deadly.} f6 11. Be3 Be6 (11... Qb4+ $15 12. Nd2 Qxb2 13. Qh5+ g6) 12. Nd2 Qb4 13. O-O-O (13. Qd1 $11) 13... Nd7 (13... Qa4 $1 $15 14. Qh5+ g6) 14. Kb1 b5 (14... O-O-O $11) 15. f3 Nc5 16. Nb3 Nb7 17. Qf2 (17. a3 $5 Qe7 18. f4 $11) 17... Qa4 (17... a5 $11 {remains equal.}) 18. h4 a5 (18... Bd6 $142) 19. g3 ({White should play} 19. f4 $16) 19... Qb4 $14 20. Bh3 Bxh3 21. Rxh3 a4 22. Nc1 Qc4 23. Qe2 Qxe2 24. Nxe2 Bc5 {[%emt 0:01:10] Weighted Error Value: White=0.27 (precise) /Black=0.27 (precise) .  Mistake:       	White=2     	Black=5      Inaccurate:     	White=5     	Black=1      OK:         	White=3     	Black=9} 1/2-1/2

[Event "12th Senioren-Cup Tegernsee 2024"]
[Site "Rottach-Egern"]
[Date "2024.04.12"]
[Round "7.8"]
[White "Cordts, Ingo"]
[Black "Schrems, Hermann"]
[Result "0-1"]
[ECO "D27"]
[WhiteElo "2225"]
[BlackElo "2032"]
[Annotator "TA"]
[PlyCount "62"]
[EventDate "2024.04.02"]
[EventType "swiss"]
[EventCountry "GER"]
[SourceTitle "playchess.com"]
[Source "ChessBase"]
[SourceQuality "1"]
[TimeControl "7800+30"]

1. Nf3 d5 2. d4 Nf6 3. c4 dxc4 4. e3 a6 5. Bxc4 e6 6. O-O c5 7. b3 Nbd7 8. Be2 Qc7 9. Bb2 Be7 {[%emt 0:00:20] White is slightly better.} 10. Nbd2 b6 11. Rc1 Bb7 12. dxc5 bxc5 13. Nc4 Rd8 14. Qe1 O-O 15. Qa5 Qb8 16. h3 Nd5 17. Nce5 ({White should play} 17. Nfe5 $16) 17... Bd6 18. Nxd7 Rxd7 19. Qa4 (19. Bxa6 $2 Qa7 20. e4 Nb4 $19 (20... Qxa6 $2 21. Qxa6 Bxa6 22. exd5 $19) (20... Bxa6 $2 21. exd5 Bxf1 22. Qc3 $17)) 19... Rfd8 20. Qg4 {[%emt 0:10:02][%csl Gb2][%cal Rg4g7] [#]} (20. Bxa6 Nb4 21. Bb5 Rc7 $17) 20... e5 21. Rc4 (21. Nd2 $16) 21... g6 (21... Bc6 $11 {keeps the balance.}) 22. Qh4 Be7 23. Ng5 Nf6 {[%emt 0:02:25] [#] Strongly threatening ...Rd2.} 24. f4 $2 {[%emt 0:03:13][%mdl 8192] This move loses the game for White.} (24. Bc3 $16 {stays on course.}) 24... Rd2 $19 25. fxe5 Rxe2 (25... Rxb2 $2 {too greedy.} 26. exf6 h5 27. fxe7 $18) 26. Rg4 Nh5 (26... Nxg4 27. Qxh7+ Kf8 28. Qxf7#) (26... Rxb2 $2 {perishes.} 27. exf6 h5 28. fxe7 $18) 27. Bc3 h6 ({Worse is} 27... Rxe3 28. Qf2 Bxg5 (28... Rxc3 29. Qxf7+ Kh8 30. Qxh7#) 29. Qxf7+ Kh8 30. Rxg5 Rxc3 31. Rxh5 gxh5 32. Qf6+ Kg8 33. Qe6+ Kh8 34. Qf6+ Kg8 35. Qg5+ Kh8 36. Qf6+ $11) 28. Rf6 Bxf6 {[%emt 0:00:27] Black mates.} 29. Kf1 Rxa2 30. exf6 Rd1+ 31. Be1 Qh2 {[%emt 0:00:07] Weighted Error Value: White=1.05/Black=0.11 (very precise) .  Loses game:     	White=1     	---        Mistake:       	White=2     	Black=1      Inaccurate:     	White=3     	Black=3      OK:         	White=7     	Black=5      Best:        	---       	Black=1} 0-1

[Event "12th Senioren-Cup Tegernsee 2024"]
[Site "Rottach-Egern"]
[Date "2024.04.12"]
[Round "7.9"]
[White "Schatz, Christian"]
[Black "Wenner, Tobias"]
[Result "1/2-1/2"]
[ECO "E62"]
[WhiteElo "2158"]
[BlackElo "2051"]
[Annotator "TA"]
[PlyCount "62"]
[EventDate "2024.04.02"]
[EventType "swiss"]
[EventCountry "GER"]
[SourceTitle "playchess.com"]
[Source "ChessBase"]
[SourceQuality "1"]
[TimeControl "7800+30"]

1. Nf3 Nf6 2. c4 g6 3. Nc3 Bg7 4. d4 O-O 5. g3 d6 6. Bg2 Nc6 7. O-O e5 8. d5 Nb8 9. e4 a5 10. Ne1 Na6 11. Nd3 b6 12. h3 (12. a3 $14) 12... Nc5 (12... Nd7 $11) 13. Be3 Nfd7 14. Nxc5 Nxc5 15. Qd2 f5 16. f3 Bd7 17. b3 {[%emt 0:05:11] [#]} (17. Ne2 $11) 17... f4 $1 $17 18. Bf2 fxg3 19. Bxg3 Qe7 20. Rae1 Rae8 21. Nb5 Bxb5 22. cxb5 Qd7 23. Qe2 Bh6 24. Qc4 Qe7 25. a3 {[%emt 0:02:45] [#]} (25. Re2 $15) 25... Qg5 (25... a4 $1 $19 26. bxa4 Ra8) 26. Kh2 Qd2 (26... a4 $17 27. b4 Nb3 28. Qxc7 Qe7 29. Qxe7 Rxe7) 27. Re2 $15 Qd3 28. Qxd3 Nxd3 29. Rc2 {[%emt 0:00:29] White is weak on the dark squares} Re7 30. Rd1 Nf4 (30... Nc5 $15 31. Rb1 a4 32. bxa4 Ra8) 31. Bf2 $11 Nxg2 {[%emt 0:05:25] Weighted Error Value: White=0.23 (precise) /Black=0.22 (precise) .  Mistake:       	White=3     	Black=4      Inaccurate:     	White=3     	Black=2      OK:         	White=6     	Black=5      Best:        	White=1     	---        Brilliant:      	---       	Black=1} 1/2-1/2

[Event "12th Senioren-Cup Tegernsee 2024"]
[Site "Rottach-Egern"]
[Date "2024.04.12"]
[Round "7.10"]
[White "Strobel, Walter"]
[Black "Mueller, Erich"]
[Result "1/2-1/2"]
[ECO "B80"]
[WhiteElo "2147"]
[BlackElo "2125"]
[Annotator "TA"]
[PlyCount "108"]
[EventDate "2024.04.02"]
[EventType "swiss"]
[EventCountry "GER"]
[SourceTitle "playchess.com"]
[Source "ChessBase"]
[SourceQuality "1"]
[TimeControl "7800+30"]

1. e4 c5 2. Nf3 d6 3. d4 cxd4 4. Nxd4 Nf6 5. Nc3 Nc6 6. Be3 Bd7 7. f3 a6 8. Qd2 e6 9. g4 Be7 10. O-O-O Rc8 {[%emt 0:06:13] B80: Sicilian Scheveningen: 6 g3 and 6 Be3, including English Attack.} 11. Kb1 Qc7 12. Be2 (12. g5 $142 Nh5 13. Nxc6 Bxc6 14. Bh3) 12... Na5 $146 (12... Nxd4 $142 13. Qxd4 (13. Bxd4 e5 $16) 13... O-O) ({Predecessor:} 12... Nxd4 13. Bxd4 e5 14. Be3 Be6 15. g5 Nd7 16. h4 b5 17. Rc1 Nb6 18. Bxb6 Qxb6 {½-½ Zagni,E-Faust,R Villa Ballester LV op 2005 (1)}) 13. g5 $16 Nh5 14. f4 Nc4 15. Qd3 $2 (15. Bxc4 $16 Qxc4 16. e5 (16. f5 O-O $16)) 15... g6 $2 (15... Qb6 $1 $15 16. Qxc4 (16. Bxh5 $2 Qxb2#) 16... Rxc4 17. Bxc4 Qd8) 16. f5 $2 (16. Bxh5 $16 {Hoping for Bg4.} Qb6 17. b3 Nxe3 18. Qxe3) 16... Nxe3 $2 (16... Qb6 $1 $15 {stays ahead.} 17. Qxc4 Rxc4 (17... exf5 $2 18. Nd5 $18) 18. Bxc4 Qc5 (18... exf5 19. Nxf5 Qc7 20. Bxf7+ Kxf7 21. Nxe7 $14) (18... gxf5 19. exf5 exf5 20. Nxf5 $16)) 17. Qxe3 $18 e5 {[%emt 0:02:05] aiming for ...Qc5.} 18. Nd5 $2 (18. Bxh5 $18 {Bg4 would now be deadly.} exd4 19. Qxd4) 18... Qc5 $11 19. b4 (19. Bxh5 exd4 20. Rxd4 Qxc2+ 21. Ka1 gxh5 $15) 19... exd4 20. Qb3 $1 Qa7 21. Rhf1 Bb5 $2 (21... b5 $11) 22. Bxb5+ (22. Nxe7 $142 Rc7 (22... Kxe7 $2 23. fxg6 Kd8 24. Rxf7 $18) 23. Nd5) 22... axb5 $18 23. Nxe7 Kxe7 $2 (23... Rc4) 24. fxg6 $18 Qa4 {[%emt 0:04:25] Strongly threatening ...Qxb3+.} 25. Rxf7+ Kd8 26. gxh7 Rc7 27. Rdf1 $2 (27. Rxd4 $2 Qxb3+ (27... Rxh7 28. Rxd6+) 28. axb3 Rxf7 $19) (27. Rxc7 $18 {White threatens Qf7 and mate.} Qxb3+ 28. axb3 Kxc7 29. g6 (29. Rxd4 Rxh7 30. Rd5 Nf4 $17)) 27... Qxb3+ $14 ({Don't play} 27... Rxh7 28. Rf8+ Kd7 29. R8f7+ (29. R1f7+ Rxf7 30. Qxf7+ Kc6 $11) 29... Rxf7 30. Qxf7+ Kd8 31. Qf8+ (31. Qxh5 Qxc2+ 32. Ka1 Qc3+ 33. Kb1 Qd3+ 34. Ka1 Qxf1+) 31... Kd7 32. Rf7+ Kc6 33. Qe8+ Kb6 34. Rxc7 Qxb4+ 35. Kc1 Qe1+ 36. Kb2 Qb4+ 37. Kc1 Qe1+ 38. Kb2 Kxc7 (38... Qb4+ 39. Kc1 $11) 39. Qxh5 Qc3+ 40. Kb1 $11) 28. axb3 Rxh7 29. g6 Rg7 ({Black should play} 29... Rh6 $14 30. R1f5 Rxg6 31. Rf8+ Kd7 32. Rxh5 Rg1+ 33. Kb2 Rg2 34. Rf7+ (34. Rxb5 {is a self mate.} Rcxc2+ 35. Kb1 d3 36. Rxb7+ Kc6 37. Rbf7 Rb2+ 38. Ka1 Ra2+ 39. Kb1 Rgb2+ 40. Kc1 d2+ 41. Kd1 Rb1+ 42. Ke2 d1=Q+ 43. Ke3 Rxb3+ 44. Kf4 Rf2+ 45. Kg5 Qg1+ 46. Kh6 Rxh2#) 34... Kc6 35. Rxc7+ Kxc7) 30. R1f5 (30. R7f5 $16 {Black must now prevent Rg1.} Rxg6 31. Rxh5) 30... Rxg6 $14 31. Rxc7 Kxc7 32. Rxh5 Rg1+ 33. Kb2 Re1 34. Rxb5 Rxe4 35. Rh5 {[%emt 0:00:48] Dodges Rh4} Re1 36. h4 Rh1 37. Rh8 Kb6 38. Ka3 Ra1+ 39. Kb2 Rh1 40. Rh5 Kc6 41. b5+ Kb6 42. Ka3 $1 Rh2 {[%emt 0:00:20] [#]} 43. Kb4 $1 Rxc2 {[%emt 0:00:55] [#]} 44. Rd5 $1 Kc7 45. Rxd4 {[%emt 0:00:15] Rc4+ would kill now.} Rh2 46. Kc4 ({Better is} 46. Rf4 $16) 46... Rc2+ (46... Re2 $11) 47. Kb4 {[%emt 0:06:24] Threatening mate with Rc4+.} Rh2 48. Rg4 Kb6 49. Rc4 (49. Kc4 $16) 49... Rh1 (49... Rd2 $1 $11 {keeps the balance.}) 50. Rd4 $16 Kc7 51. Ka5 (51. Rg4 $16) 51... d5 52. Kb4 $16 {[%emt 0:01:45][%cal Ob4c5] Threatens to win with Kc5!} b6 53. Rxd5 (53. Rf4 $16) 53... Rxh4+ $11 54. Kc3 Rh7 1/2-1/2

[Event "12th Senioren-Cup Tegernsee 2024"]
[Site "Rottach-Egern"]
[Date "2024.04.13"]
[Round "8.1"]
[White "Schumacher, Gottfried"]
[Black "Schneider-Zinner, Harald"]
[Result "0-1"]
[ECO "D37"]
[WhiteElo "2102"]
[BlackElo "2335"]
[Annotator "RC"]
[PlyCount "56"]
[EventDate "2024.04.02"]
[EventType "swiss"]
[EventCountry "GER"]
[SourceTitle "playchess.com"]
[Source "ChessBase"]
[SourceQuality "1"]
[TimeControl "7800+30"]

1. d4 Nf6 2. Nf3 d5 3. c4 e6 4. Nc3 Be7 5. e3 O-O 6. Bd3 dxc4 7. Bxc4 a6 8. a3 c5 9. O-O b5 10. Be2 Nbd7 11. dxc5 Bxc5 12. b4 Be7 13. Bb2 Bb7 14. Qb3 Qb6 15. Rfd1 Rac8 16. Rd2 Bxf3 17. gxf3 Qb7 18. Ne4 Nxe4 19. fxe4 Nb6 20. Rad1 Qxe4 21. Ba1 Bf6 22. Rd6 Bxa1 23. Rxb6 Rc3 24. Qa2 Rc2 25. Qxa1 Rxe2 26. Qd4 Qf3 27. Rf1 Rc8 28. Qe5 Rxf2 0-1

[Event "12th Senioren-Cup Tegernsee 2024"]
[Site "Rottach-Egern"]
[Date "2024.04.13"]
[Round "8.5"]
[White "Vatter, Hans-Joachim"]
[Black "Schober, Ralf"]
[Result "1/2-1/2"]
[ECO "C11"]
[WhiteElo "2211"]
[BlackElo "2092"]
[Annotator "RC"]
[PlyCount "110"]
[EventDate "2024.04.02"]
[EventType "swiss"]
[EventCountry "GER"]
[SourceTitle "playchess.com"]
[Source "ChessBase"]
[SourceQuality "1"]
[TimeControl "7800+30"]

1. d4 e6 2. e4 d5 3. Nc3 Nf6 4. e5 Nfd7 5. f4 c5 6. Nf3 Nc6 7. Be3 Be7 8. Qd2 a6 9. Bd3 b5 10. dxc5 Bxc5 11. Bxc5 Nxc5 12. O-O-O Qa5 13. Kb1 Bb7 14. Ne2 Qxd2 15. Rxd2 g6 16. Ned4 Ke7 17. Nxc6+ Bxc6 18. Nd4 Bd7 19. h4 b4 20. g3 h5 21. Rc1 Na4 22. Ne2 Rhc8 23. c3 bxc3 24. Nxc3 Nxc3+ 25. Rxc3 Rxc3 26. bxc3 Rb8+ 27. Kc1 Rb6 28. Be2 Ba4 29. Rd4 Bd7 30. Rb4 Rxb4 31. cxb4 Bb5 32. Bd1 Kd7 33. Kd2 Kc6 34. Kc3 Kb6 35. Kd4 Kc6 36. a3 Bc4 37. Bf3 Bb3 38. Be2 Kb6 39. Kc3 Ba4 40. g4 hxg4 41. Bxg4 Be8 42. f5 exf5 43. Bxf5 gxf5 44. h5 f4 45. h6 f3 46. Kd2 f2 47. Ke2 Bb5+ 48. Kxf2 Bd3 49. Ke3 Be4 50. a4 Kc6 51. Kd4 Kb6 52. Kc3 Kc6 53. Kd4 Kb6 54. Kc3 Kc6 55. Kd4 Kb6 1/2-1/2

[Event "12th Senioren-Cup Tegernsee 2024"]
[Site "Rottach-Egern"]
[Date "2024.04.13"]
[Round "8.6"]
[White "Schoetzig, Detlef"]
[Black "Luciani, Carlo"]
[Result "0-1"]
[ECO "A46"]
[WhiteElo "2068"]
[BlackElo "2159"]
[Annotator "RC"]
[PlyCount "96"]
[EventDate "2024.04.02"]
[EventType "swiss"]
[EventCountry "GER"]
[SourceTitle "playchess.com"]
[Source "ChessBase"]
[SourceQuality "1"]
[TimeControl "7800+30"]

1. d4 Nf6 2. Nf3 c5 3. dxc5 e6 4. Be3 Na6 5. Nc3 Nxc5 6. Qd4 d5 7. O-O-O Be7 8. g4 O-O 9. Bg2 Qa5 10. Kb1 Na6 11. g5 Nd7 12. Bd2 Nb4 13. a3 Nc6 14. Qa4 Qd8 15. Bc1 Rb8 16. Bf4 Nc5 17. Qb5 a6 18. Qxc6 bxc6 19. Bxb8 Bd7 20. Bf4 f6 21. h4 e5 22. gxf6 gxf6 23. Bh6 Rf7 24. Bh3 Bf8 25. Rdg1+ Kh8 26. Bc1 d4 27. Nd1 Bxh3 28. Rxh3 Rg7 29. Rxg7 Kxg7 30. h5 Qd7 31. Rg3+ Kf7 32. Nh4 e4 33. h6 Qd5 34. f3 e3 35. b3 d3 36. Nxe3 dxe2 37. Nxd5 e1=Q 38. Nf5 cxd5 39. Rg4 Nd3 40. cxd3 Bxa3 41. Rg7+ Kf8 42. Rc7 Qd1 43. Rc8+ Kf7 44. Rc7+ Kg6 45. Ne7+ Kh5 46. Nxd5 Bxc1 47. Nxf6+ Kg6 48. Ng4 Bf4+ 0-1

[Event "12th Senioren-Cup Tegernsee 2024"]
[Site "Rottach-Egern"]
[Date "2024.04.13"]
[Round "8.8"]
[White "Schrems, Hermann"]
[Black "Kannenberg, Karl-Heinz"]
[Result "1-0"]
[ECO "D11"]
[WhiteElo "2032"]
[BlackElo "2108"]
[Annotator "RC"]
[PlyCount "99"]
[EventDate "2024.04.02"]
[EventType "swiss"]
[EventCountry "GER"]
[SourceTitle "playchess.com"]
[Source "ChessBase"]
[SourceQuality "1"]
[TimeControl "7800+30"]

1. d4 d5 2. Nf3 Nf6 3. g3 c6 4. Bg2 Bf5 5. c4 e6 6. Nc3 h6 7. Qb3 Qb6 8. c5 Qxb3 9. axb3 Na6 10. Ra4 Bc2 11. Bf4 Bxb3 12. Ra3 Bc2 13. O-O Nh5 14. Bd2 Be7 15. Rc1 Bh7 16. Rb3 b6 17. cxb6 axb6 18. Rxb6 Nb8 19. Ne5 Bd8 20. Rb7 O-O 21. Bh3 f5 22. Bf1 Nf6 23. Nd1 Ne4 24. Bb4 Re8 25. f3 Nf6 26. Bd6 Na6 27. Rxc6 f4 28. b4 fxg3 29. hxg3 Nh5 30. b5 Nb4 31. Bxb4 Ra1 32. Ne3 Nxg3 33. Kg2 Bg5 34. Kxg3 Bxe3 35. Rcc7 Bf5 36. Rxg7+ Kh8 37. Bg2 Bxd4 38. Ng6+ Bxg6 39. Rxg6 Rg8 40. Rxg8+ Kxg8 41. Bd2 Ra2 42. Bxh6 Rxe2 43. f4 Re3+ 44. Bf3 Re1 45. Bg5 Rg1+ 46. Kh2 Be3 47. Bh5 Rf1 48. Bf7+ Kg7 49. Bxe6+ Kg6 50. Bxd5 1-0

[Event "12th Senioren-Cup Tegernsee 2024"]
[Site "Rottach-Egern"]
[Date "2024.04.13"]
[Round "8.9"]
[White "Marentini, Marcel"]
[Black "Jahn, Peter"]
[Result "0-1"]
[ECO "E04"]
[WhiteElo "2102"]
[BlackElo "2068"]
[Annotator "NA RC"]
[PlyCount "132"]
[EventDate "2024.04.02"]
[EventType "swiss"]
[EventCountry "GER"]
[SourceTitle "playchess.com"]
[Source "ChessBase"]
[SourceQuality "1"]
[TimeControl "7800+30"]

1. Nf3 d5 2. g3 c5 3. Bg2 Nc6 4. d4 e6 5. O-O Nf6 6. c4 dxc4 7. dxc5 Qxd1 8. Rxd1 Bxc5 9. Nbd2 c3 10. bxc3 O-O {[%emt 0:00:14] E04: Open Catalan: 5 Nf3.} 11. Ne1 Rd8 12. Nd3 Be7 13. Bb2 Bd7 14. c4 Rac8 15. Rab1 b6 16. Nb3 Nb8 17. Rdc1 Bc6 18. c5 bxc5 19. Nbxc5 Bxg2 20. Bxf6 gxf6 21. Kxg2 Rc7 22. g4 Rdc8 23. Nb3 Nd7 24. Rxc7 Rxc7 25. Nd4 Nb6 26. Rb5 Rc4 27. e3 Rc3 $11 28. Ne1 Ra3 29. Nc6 Bf8 30. Rb2 Nd5 31. Nc2 Ra6 32. Nb8 Ra4 33. Nd7 Bd6 34. Nd4 Kg7 35. Nb5 Rxg4+ 36. Kf3 Rb4 37. Rxb4 Bxb4 38. Nxa7 Nc3 39. Nc6 Ba3 40. Nb6 Nxa2 41. Nc4 Bc5 42. Nb8 Nb4 43. Nd7 Be7 44. Ndb6 f5 45. Nd7 Nd5 46. Nde5 Nc3 47. Nd3 Ne4 48. Kg2 Bd8 49. f3 Nf6 50. Nde5 Bc7 51. Nd3 Nd5 52. h3 f4 53. exf4 Nxf4+ 54. Nxf4 Bxf4 55. Nb2 Kf6 56. Nd3 Bd6 57. Nf2 Kf5 58. Ne4 Bb4 59. Ng3+ Kf4 60. Nh5+ Ke3 61. Nf6 Be7 62. Ng4+ Kf4 63. Nf2 f5 64. Nd3+ Ke3 65. Nf2 Ke2 66. Nh1 Bh4 0-1

[Event "12th Senioren-Cup Tegernsee 2024"]
[Site "Rottach-Egern"]
[Date "2024.04.13"]
[Round "8.10"]
[White "Heck, Norbert"]
[Black "Lutz, Albert"]
[Result "1/2-1/2"]
[ECO "D70"]
[WhiteElo "2100"]
[BlackElo "2055"]
[Annotator "RC"]
[PlyCount "41"]
[EventDate "2024.04.02"]
[EventType "swiss"]
[EventCountry "GER"]
[SourceTitle "playchess.com"]
[Source "ChessBase"]
[SourceQuality "1"]
[TimeControl "7800+30"]

1. d4 d5 2. Nf3 Nf6 3. c4 c6 4. Nbd2 Bf5 5. Nh4 Be6 6. e3 g6 7. Bd3 Bg7 8. Nhf3 O-O 9. O-O Bf5 10. Bxf5 gxf5 11. Qc2 e6 12. b3 Qa5 13. Bb2 Nbd7 14. cxd5 Nxd5 15. Nc4 Qc7 16. Ba3 c5 17. Rac1 Rfc8 18. dxc5 Nxc5 19. Nd4 Qd7 20. Rfd1 Ne4 21. Qd3 1/2-1/2

[Event "12th Senioren-Cup Tegernsee 2024"]
[Site "Rottach-Egern"]
[Date "2024.04.14"]
[Round "9.1"]
[White "Schneider-Zinner, Harald"]
[Black "Schrems, Hermann"]
[Result "1-0"]
[ECO "E01"]
[WhiteElo "2335"]
[BlackElo "2032"]
[Annotator "TA"]
[PlyCount "89"]
[EventDate "2024.04.02"]
[EventType "swiss"]
[EventCountry "GER"]
[SourceTitle "playchess.com"]
[Source "ChessBase"]
[SourceQuality "1"]
[TimeControl "7800+30"]

1. d4 Nf6 2. Nf3 e6 3. g3 d5 4. c4 Bb4+ 5. Nbd2 O-O 6. Bg2 a5 7. O-O Nbd7 8. Qc2 Be7 {[%emt 0:00:00] White is slightly better.} 9. e4 dxe4 10. Nxe4 Nxe4 11. Qxe4 c5 12. Rd1 Bf6 13. Be3 Qc7 14. Ng5 Bxg5 15. Bxg5 cxd4 16. Qxd4 Ra6 17. Rd2 {[%emt 0:11:10] White is much more active.} h6 18. Be3 e5 19. Qc3 Nf6 20. Rad1 Bg4 21. f3 Be6 22. b3 Rc8 (22... b5 $14) 23. Qd3 (23. f4 $16) 23... a4 $11 24. Qb1 axb3 25. axb3 Rca8 26. h3 Ra3 27. Kh2 Qe7 (27... Bxc4 $6 28. Rc1 b5 (28... Rxb3 $2 29. Qxb3 Bxb3 30. Rxc7 $18) 29. bxc4 Rxe3 30. cxb5 $16) 28. f4 Bxc4 29. fxe5 $1 Ne8 (29... Qxe5 $2 30. Bf4 (30. bxc4 $2 Rxe3 31. Qxb7 Qxg3+ 32. Kg1 Rf8 $19) 30... Qb5 31. bxc4 Qxb1 32. Rxb1 $18) 30. Rd7 $1 (30. bxc4 Rxe3 31. Qxb7 (31. Bxb7 $2 Rb8 $19) 31... Qxb7 32. Bxb7 Ra5 $14) 30... Qe6 31. bxc4 (31. Bxb7 $2 Rxb3 32. Qe4 Ra5 $19) (31. Rxb7 Ra1 32. Qxa1 Rxa1 33. Rxa1 Bd5 34. Bxd5 Qxd5 $11) 31... Rxe3 32. Qxb7 (32. Bxb7 $2 Re2+ 33. Bg2 Raa2 $19 (33... Qxc4 34. R1d2 $11) (33... Qxe5 34. R7d2 $11)) 32... Ra2 33. Re7 $36 {[%emt 0:00:00][%mdl 2048] Black is under strong pressure.} Qg6 34. Rxe8+ (34. g4 $1 $16 Kh7 35. Qb1 (35. Rxe8 f5 $11)) 34... Kh7 35. g4 {[%emt 0:00:00] Rdd8 would now be deadly.} Ree2 $2 (35... f5 $11 36. Red8 Rxh3+ 37. Kxh3 Qxg4+ 38. Kh2 Qf4+ 39. Kh1 Qh4+ 40. Kg1 Qf2+ 41. Kh2 Qh4+ 42. Kg1 Qf2+ 43. Kh2 Qh4+ 44. Kg1) 36. Rg1 $18 Qc2 37. Qf3 (37. Rf8 $142) 37... Rf2 38. Qg3 {[%emt 0:00:00] Black must now prevent e6.} Rb2 (38... Qxc4 {keeps fighting.} 39. e6 fxe6) 39. e6 $2 (39. g5 $18 {is the precise move to win.} Qxc4 40. gxh6) 39... Rb3 $16 {[%emt 0:00:00] [#]} 40. exf7 $1 Rxg3 41. Kxg3 {[%emt 0:00:00] And now Be4+ would win.} Rxf7 $2 (41... Qxc4 $16 42. Be4+ (42. Kxf2 Qxf7+ 43. Bf3 Qxe8 $15) (42. f8=N+ Rxf8 43. Be4+ Kg8 $11) 42... g6) 42. Kh2 $2 ({White must play} 42. Be4+ $18 Qxe4 43. Rxe4) 42... Rf2 {[%mdl 1024] Black has strong compensation.} 43. Kg3 {[%emt 0:00:30] Be4+ is the strong threat.} Qd2 44. Rf8 {[%emt 0:00:30][%mdl 8192] [#] Prevents Qf4+} g6 $2 45. Be4 $2 {[%emt 0:00:00][%mdl 40960] Black used his chance.   Weighted Error Value: White=0.65/Black=0.40.  Loses game:     	White=2     	Black=2      Missed win:     	White=2     	Black=1      Mistake:       	White=2     	Black=2      Inaccurate:     	White=2     	Black=4      OK:         	White=9     	Black=13     Best:        	White=3     	Black=4      Strong:       	White=3     	---       . Loss on time!?} 1-0

[Event "12th Senioren-Cup Tegernsee 2024"]
[Site "Rottach-Egern"]
[Date "2024.04.14"]
[Round "9.2"]
[White "Luciani, Carlo"]
[Black "Heinbuch, Detlef Ulrich"]
[Result "1/2-1/2"]
[ECO "B11"]
[WhiteElo "2159"]
[BlackElo "2273"]
[Annotator "TA"]
[PlyCount "28"]
[EventDate "2024.04.02"]
[EventType "swiss"]
[EventCountry "GER"]
[SourceTitle "playchess.com"]
[Source "ChessBase"]
[SourceQuality "1"]
[TimeControl "7800+30"]

1. e4 c6 2. Nc3 d5 3. Nf3 Bg4 4. h3 Bxf3 5. Qxf3 e6 6. d3 Nf6 7. Bd2 Be7 8. g3 (8. g4 $5) 8... Qb6 9. Rb1 d4 10. Nd1 {[%emt 0:02:44] The position is equal.} Nbd7 11. Bg2 h5 12. Qe2 h4 {[%emt 0:03:04] Hoping for ...hxg3.} 13. e5 Nd5 14. g4 g5 {[%emt 0:00:29] Weighted Error Value: White=0.21 (precise) /Black=0.10 (very precise) .  Inaccurate:     	White=2     	Black=1      OK:         	White=1     	Black=1} 1/2-1/2

[Event "12th Senioren-Cup Tegernsee 2024"]
[Site "Rottach-Egern"]
[Date "2024.04.14"]
[Round "9.4"]
[White "Belke, Frank"]
[Black "Lindam, Ingo"]
[Result "1/2-1/2"]
[ECO "E71"]
[WhiteElo "2163"]
[BlackElo "2160"]
[Annotator "TA"]
[PlyCount "38"]
[EventDate "2024.04.02"]
[EventType "swiss"]
[EventCountry "GER"]
[SourceTitle "playchess.com"]
[Source "ChessBase"]
[SourceQuality "1"]
[TimeControl "7800+30"]

1. d4 Nf6 2. c4 g6 3. Nc3 Bg7 4. e4 d6 5. Nge2 O-O 6. h3 c5 7. d5 b5 8. cxb5 (8. Nxb5 Nxe4 9. g4 f5 $17 (9... Qa5+ 10. Nbc3 $15)) 8... a6 {[%emt 0:00:16] White has an edge.} 9. Ng3 h5 10. Bd3 axb5 11. Nxb5 Ba6 {[%emt 0:32:06] [#] Strongly threatening ...Bxb5.} 12. Nc3 Nbd7 13. O-O Qb6 14. Re1 (14. Nge2 $16) 14... Ne5 15. Bxa6 Qxa6 16. Bg5 (16. Qc2 $11 {remains equal.}) 16... Nh7 ({Black should try} 16... Nd3 $17 17. Re2 Nh7) 17. Bxe7 $11 Rfe8 18. Bxd6 Qxd6 19. f4 Nc4 {[%emt 0:04:42] Weighted Error Value: White=0.27 (precise) /Black=0.21 (precise) .  Mistake:       	White=2     	Black=1      Inaccurate:     	White=3     	Black=4      OK:         	White=5     	Black=5      Best:        	White=1     	---} 1/2-1/2